 Dungeon Crawl Stone Soup version 0.30.0-16-gbe6223bb7e (webtiles) character file.

Game seed: 9106270510391062993

6790 Pooter the Cleaver (level 10, -3/136 HPs)
             Began as a Minotaur Berserker on May 20, 2023.
             Was a Priest of Trog.
             Slain by an orc warlord
             ... wielding a +3 war axe of distortion
              (5 damage)
             ... on level 9 of the Dungeon.
             The game lasted 00:49:15 (11442 turns).

Pooter the Cleaver (Minotaur Berserker)            Turns: 11442, Time: 00:49:15

Health: -3/136     AC: 12    Str: 24    XL:     10   Next: 76%
Magic:  9/9        EV:  7    Int:  4    God:    Trog [***...]
Gold:   182        SH:  0    Dex: 12    Spells: 9/9 levels left

rFire   . . .        a - +3 war axe
rCold   . . .        (no shield)
rNeg    . . .        L - +0 plate armour
rPois   .            (helmet restricted)
rElec   .            (no cloak)
rCorr   .            M - +0 pair of gloves
SInv    .            (no boots)
Will    ++...        (no amulet) Stlth
                     (no ring)
HPRegen 1.42/turn    (no ring)
MPRegen 0.11/turn

%: no passive effects
@: berserking, strong-willed, regenerating, very quick
A: horns 2, retaliatory headbutt
a: Renounce Religion, Berserk, Trog's Hand


You were on level 9 of the Dungeon.
You worshipped Trog.
Trog was most pleased with you.
You visited 2 branches of the dungeon, and saw 10 of its levels.
You also visited: Ossuary.

You collected 399 gold pieces.
You spent 217 gold pieces at shops.

Inventory:

Hand Weapons
 a - a +3 war axe (weapon)
   (You took it off a kobold on level 2 of the Dungeon)
 b - a +0 arbalest
   (You bought it in a shop on level 9 of the Dungeon)
 p - a +0 broad axe
   (You bought it in a shop on level 3 of the Dungeon)
 y - a +0 flail of holy wrath
   (You took it off Edmund on level 5 of the Dungeon)
 J - the +6 whip "Mitowk Isuru" {flame, rN+}
   (You took it off an orc on level 8 of the Dungeon)

   rN:        It protects you from negative energy.
 O - a +0 morningstar
   (You took it off an orc priest on level 9 of the Dungeon)
Missiles
 g - 5 atropa-tipped darts
 i - a throwing net {!f}
 r - 21 poisoned darts
 s - 2 javelins
 t - 6 datura-tipped darts
 K - a silver boomerang
 Q - 61 stones (quivered)
Armour
 k - a +0 troll leather armour {Pargi}
   (You found it on level 4 of the Dungeon)
 D - the scarf "Rast" {repulsion, Rampage rElec Int-5 Slay+6}
   (You acquired it on level 4 of the Dungeon)

   Int:       It affects your intelligence (-5).
   Slay:      It affects your accuracy & damage with ranged weapons and melee
   (+6).
   rElec:     It insulates you from electricity.
   Rampage:   It bestows one free step when moving towards enemies.
 L - a +0 plate armour (worn)
   (You took it off an orc warrior on level 8 of the Dungeon)
 M - a +0 pair of gloves (worn)
   (You found it on level 8 of the Dungeon)
Jewellery
 d - a ring of ice
   (You found it on level 1 of the Dungeon)
 A - a ring of fire
   (You found it on level 7 of the Dungeon)
Wands
 f - a wand of flame (11)
   (You took it off an orc on level 6 of the Dungeon)
 u - a wand of paralysis (4)
   (You took it off Ijyb on level 4 of the Dungeon)
Scrolls
 c - 2 scrolls of torment {!r}
 j - a scroll of fog
 l - 3 scrolls of silence
 n - 2 scrolls of fear
 o - a scroll of teleportation {unknown}
 v - 2 scrolls of immolation {unknown}
 B - 3 scrolls of enchant armour {unknown}
 G - a scroll of vulnerability {unknown}
 H - a scroll of noise {unknown}
 N - a scroll of poison {unknown}
Potions
 e - a potion of haste {@q3}
 h - 3 potions of ambrosia {unknown}
 m - 2 potions of mutation {!q}
 q - a potion of berserk rage {unknown}
 w - a potion of lignification {unknown}
 x - 2 potions of heal wounds {unknown}
 z - 2 potions of brilliance {unknown}
 C - 2 potions of attraction {unknown}
 E - 2 potions of curing {@q1}
 F - a potion of flight {unknown}
 I - 2 potions of might {unknown}


   Skills:
 + Level 9.6 Fighting
 * Level 12.9 Axes
 * Level 11.3 Ranged Weapons
 - Level 2.4 Armour
 - Level 2.1 Dodging
 - Level 0.9 Stealth


You had 9 spell levels left.
You didn't know any spells.
Your spell library was empty.

Dungeon Overview and Level Annotations

Branches:
Dungeon (9/15)             Temple (0/1) D:5             Orc (1/2) D:9
Ossuary (visited)
   Lair: D:8-11

Altars:
Ashenzari
Cheibriados
Elyvilon
Gozag
Ru
Trog
Vehumet

Shops:
D:3 (   D:7 (   D:9 (

Annotations:
D:5 3 runed translucent doors, jtron's ghost, novice VSNe
D:9 Erolcha


Innate Abilities, Weirdness & Mutations

You have a pair of horns on your head.
You reflexively headbutt those who attack you in melee.


Message History

You closely miss the orc wizard. You headbutt the orc wizard.
The orc wizard hits you but does no damage.
You slash the orc wizard!
You kill the orc wizard!
Trog accepts your kill.
Trog appreciates your killing of a magic user.
Items here: )) [ ††.
There is a staircase to the Orcish Mines, spattered with blood here.
You start resting.
You feel the effects of Trog's Hand fading.
You start resting.
Your skin stops crawling.
You feel less strong-willed.
You start resting.
Your skin crawls.
You feel strong-willed.
You climb downwards.
Welcome back to the Orcish Mines!
The orc warrior shouts!
The orc warlord hits you with a +3 war axe of distortion!
The orc warrior hits you from afar with a +0 trident.
The orc barely misses you. You furiously retaliate!
You headbutt the orc.
An orc sorcerer comes into view. It is wielding a +0 dagger.
The orc warlord closely misses you. The orc hits you but does no damage.
The orc warrior hits you from afar with a +0 trident.
There is a staircase back to the Dungeon, spattered with blood here.
The orc warrior hits you from afar with a +0 trident!
The orc completely misses you. You furiously retaliate!
You headbutt the orc!
You kill the orc!
Trog accepts your kill.
The orc warlord hits you with a +3 war axe of distortion!!
* * * LOW HITPOINT WARNING * * *
Space warps around you.
* * * LOW HITPOINT WARNING * * *
The orc warrior hits you from afar with a +0 trident!
* * * LOW HITPOINT WARNING * * *
You climb upwards.
Welcome back to the Dungeon!
Level annotation: Erolcha
There is a staircase to the Orcish Mines, spattered with blood here.
A red film seems to cover your vision as you go berserk!
You feel yourself moving faster!
You feel mighty!
The orc warlord hits you with a +3 war axe of distortion!!
* * * LOW HITPOINT WARNING * * *
You hit the orc warlord but do no damage.
The orc warlord blocks your attack. x2
The orc warlord hits you with a +3 war axe of distortion.
* * * LOW HITPOINT WARNING * * *
You barely miss the orc warlord.
The orc warlord hits you with a +3 war axe of distortion!
* * * LOW HITPOINT WARNING * * *
Space warps around you.
You die...

+###+ ..<
#[..# ...
#o@)# .!..
##.[.#
.....####'###+
#..#...##
#.'.8.#
###.[.# ##.##
....(# O .##
#..# #..... .
..######)##
#..... .


You could see an orc warlord.

Vanquished Creatures
  The ghost of Devilnaut the Slicer, a novice KoBr of Wu Jian (D:6)
  Maggie (D:6)
  A troll (D:8)
  7 yaks (D:6)
  A wyvern (D:8)
  A steam dragon (D:7)
  Edmund (D:5)
  2 water moccasins
  Pargi (D:4)
  3 black bears
  An orc warrior (D:8)
  3 ogres
  5 centaurs
  4 phantoms
  Blork the orc (D:4)
  A kobold brigand (D:6)
  10 bullfrogs
  7 scorpions
  8 wights
  7 killer bees
  2 howler monkeys
  7 orc priests
  A jelly (D:6)
  A gnoll bouda (D:4)
  2 hounds (D:4)
  Ijyb (D:4)
  3 iguanas
  A sleepcap (D:6)
  5 orc wizards
  11 mummies (Ossuary)
  7 gnolls (D:4)
  6 adders
  A river rat (D:6)
  A white imp (D:8)
  2 ufetubi
  2 worms
  2 dart slugs
  26 orcs
  2 ball pythons (D:3)
  9 endoplasms
  2 giant cockroaches
  6 goblins
  4 hobgoblins
  7 jackals (D:1)
  3 quokkas
  6 bats
  7 frilled lizards
  3 gnoll skeletons (Ossuary)
  2 goblin skeletons (Ossuary)
  13 kobolds
  A kobold skeleton (Ossuary)
  2 orc skeletons (Ossuary)
  6 rats
  11 rat skeletons (Ossuary)
231 creatures vanquished.

Notes
Turn   | Place    | Note
-------+----------+-------------------------------------------
     0 | D:1      | Pooter the Minotaur Berserker began the quest for the Orb.
     0 | D:1      | Reached XP level 1. HP: 19/19 MP: 0/0
    38 | D:1      | Reached XP level 2. HP: 27/27 MP: 1/1
    92 | D:1      | Reached skill level 4 in Axes
   787 | D:2      | Reached skill level 1 in Ranged Weapons
   883 | D:2      | Reached XP level 3. HP: 33/33 MP: 2/2
  1337 | D:2      | Reached ** piety under Trog
  1907 | D:3      | Noticed a black bear
  1917 | D:3      | Killed a black bear
  1918 | D:3      | Reached skill level 5 in Axes
  1918 | D:3      | Reached XP level 4. HP: 41/41 MP: 3/3
  1918 | D:3      | Reached XP level 5. HP: 47/47 MP: 4/4
  1987 | D:3      | Found Amuhaocw's Antique Weapon Shop.
  1993 | D:3      | Bought a broad axe for 72 gold pieces
  2553 | D:4      | Noticed a phantom
  2559 | D:4      | Killed a phantom
  2560 | D:4      | Reached XP level 6. HP: 55/55 MP: 5/5
  2716 | D:4      | Noticed Ijyb
  2723 | D:4      | Killed Ijyb
  2724 | D:4      | Reached skill level 5 in Fighting
  2724 | D:4      | Reached skill level 6 in Axes
  2869 | D:4      | Identified a scroll of acquirement
  2870 | D:4      | Acquired the scarf "Rast" {repulsion, Rampage rElec Int-5
                  | Slay+6}
  2884 | D:4      | Noticed Pargi
  2897 | D:4      | Killed Pargi
  2904 | D:4      | Reached XP level 7. HP: 61/61 MP: 6/6
  3160 | D:4      | Reached skill level 5 in Ranged Weapons
  3254 | D:4      | Noticed Blork the orc
  3266 | D:4      | Killed Blork the orc
  3267 | D:4      | Reached skill level 7 in Axes
  3546 | D:5      | Entered Level 5 of the Dungeon
  3713 | D:5      | Found a sand-covered staircase.
  3715 | D:5      | Noticed Edmund
  3729 | D:5      | Killed Edmund
  3730 | D:5      | Reached XP level 8. HP: 23/70 MP: 7/7
  3773 | Ossuary  | Entered an ossuary
  3824 | Ossuary  | Reached skill level 8 in Axes
  3840 | Ossuary  | Reached *** piety under Trog
  4125 | D:5      | Found a runed translucent gate.
  4127 | D:5      | Found a runed translucent gate.
  4128 | D:5      | Found a runed translucent gate.
  4128 | D:5      | Noticed jtron's ghost (novice VSNe)
  4216 | D:5      | Found a broken altar of Ashenzari.
  4522 | D:5      | Found a staircase to the Ecumenical Temple.
  4725 | D:5      | Upgraded the game from 0.30.0-15-g856e2d3f33 to
                  | 0.30.0-16-gbe6223bb7e
  4788 | D:6      | Found a runed translucent door.
  4810 | D:6      | Reached skill level 9 in Axes
  4825 | D:6      | Noticed Devilnaut's ghost (novice KoBr)
  4842 | D:6      | Killed Devilnaut's ghost
  4843 | D:6      | Reached XP level 9. HP: 79/79 MP: 8/8
  4858 | D:6      | Found a runed translucent door.
  4931 | D:6      | Reached skill level 10 in Axes
  5046 | D:6      | Noticed Maggie
  5356 | D:6      | Reached skill level 11 in Axes
  5515 | D:6      | Killed Maggie
  5516 | D:6      | Reached XP level 10. HP: 74/90 MP: 9/9
  5552 | D:5      | Reached skill level 10 in Ranged Weapons
  8446 | D:7      | Found Udoasepa's Weapon Boutique.
  8454 | D:7      | Bought a +0 longbow for 78 gold pieces
  8510 | D:7      | Found a radiant altar of Vehumet.
  8588 | D:7      | Reached skill level 12 in Axes
  8880 | D:7      | Found a bloodstained altar of Trog.
  8881 | D:7      | Found an opulent altar of Gozag.
  8892 | D:7      | Found a sacrificial altar of Ru.
  9161 | D:7      | Found a white marble altar of Elyvilon.
  9591 | D:8      | Identified the +6 whip "Mitowk Isuru" {flame, rN+}
 10698 | D:8      | Found a snail-covered altar of Cheibriados.
 10845 | D:9      | Noticed Erolcha
 10993 | D:9      | Found Idajam's Weapon Boutique.
 11237 | D:9      | Bought a +0 arbalest for 67 gold pieces
 11323 | D:9      | Found a staircase to the Orcish Mines.
 11331 | Orc:1    | Entered Level 1 of the Orcish Mines
 11400 | Orc:1    | Noticed an orc warlord
 11436 | Orc:1    | Noticed an orc sorcerer
 11442 | D:9      | HP: 2/136 [orc warlord/+3 war axe of distortion (10)]
 11442 | D:9      | Slain by an orc warlord

Illustrated notes

Levels and vault maps discovered:
D:1:      nicolae_arrival_somewhat_less_tricky_arrival, layout_basic
D:2:      minmay_chambers_of_ones, layout_basic, serial_forest,
          infiniplex_forest_lined_room_3, infiniplex_forest_lined_room_3,
          infiniplex_forest_end_2, infiniplex_forest_lined_1,
          infiniplex_forest_lined_3, infiniplex_forest_clump_small,
          infiniplex_forest_corner_1, infiniplex_forest_lined_3,
          kennysheep_decorative_pillar
D:3:      minmay_diamond_boxcup, layout_basic, serial_shops, shop
D:4:      layout_loops_ring, st_stairs_2, uniq_ijyb, uniq_pargi,
          uniq_blork_the_orc
D:5:      layout_loops_ring, evilmike_ruin_ashenzari,
          minmay_temple_entry_nine_rooms, gammafunk_ghost_nasty_kobolds,
          lightli_ossuary_entry_decrepit_ruins, nicolae_fountain_basement,
          uniq_edmund
D:6:      layout_basic, ebering_ghost_sewer_f, grunt_ministairs_1, uniq_maggie
D:7:      layout_loops_ring, mainiacjoe_overflow_six_doors_small,
          chequers_temple_overflow_statue_of_worship,
          nicolae_elyvilon_temple_path, serial_shops, shop, feat_on_display
D:8:      layout_cave_pods, lemuel_tele_altar, chequers_garden
D:9:      layout_rooms, hiddenorc2_lemuel, serial_shops,
          nicolae_shop_bloodbath_and_beyond, minivault_13, uniq_erolcha
Orc:1:    layout_diamond_mine, serial_shops, nicolae_shop_mannequins,
          biasface_ghost_orc_armoury

Skill      XL: |  1  2  3  4  5  6  7  8  9 10 |
---------------+-------------------------------+-----
Axes           | 4 5 6 7 9 11 12 | 12.9
Ranged Weapons | 1 2 3 4 6 8 9 11 | 11.3
Fighting       | 4 5 6 7 8 9 |  9.6
Armour         | |  2.4
Dodging        | |  2.1
Stealth        | |  0.9

Action                     |  1- 3 |  4- 6 |  7- 9 | 10-12 || total
---------------------------+-------+-------+-------+-------++-------
  Melee: Hand axe          |    35 |       |       |       ||    35
         Headbutt          |     4 |     8 |    27 |    18 ||    57
         War axe           |     7 |    42 |   164 |   112 ||   325
         Punch             |       |       |     5 |     1 ||     6
         Flail             |       |       |    51 |       ||    51
   Fire: Sling             |    56 |    13 |    26 |       ||    95
         Shortbow          |       |       |    38 |    33 ||    71
         Longbow           |       |       |       |    43 ||    43
         Arbalest          |       |       |       |     5 ||     5
  Throw: Dart              |     4 |     6 |     7 |       ||    17
         Javelin           |       |     6 |     2 |       ||     8
         Stone             |       |     1 |       |     4 ||     5
 Invoke: Berserk           |     2 |     4 |     6 |     6 ||    18
         Trog's Hand       |       |     1 |     5 |     9 ||    15
  Evoke: Wand              |       |       |       |     3 ||     3
    Use: Scroll            |     7 |     4 |     3 |     1 ||    15
         Potion            |       |       |       |     1 ||     1
   Stab: Sleeping          |       |       |     1 |       ||     1
         Paralysed         |       |       |       |     6 ||     6
 Armour: Animal skin       |     5 |       |       |       ||     5
         Ring mail         |     7 |       |       |       ||     7
         Scale mail        |     6 |    19 |       |       ||    25
         Troll leather arm |       |       |    30 |     9 ||    39
         Plate armour      |       |       |       |    52 ||    52
  Dodge: Dodged            |    35 |    29 |    96 |    85 ||   245
